General information
- name: BNet
- type: Ladder team game (AT/RT)
- host: Battle.net
- saver: DaHumanPukePile
map: Mur'gulOasis
- players: 8
- length: 24:23
- speed: Fast
- version: 1.28 W3XP
- replay type: Public
» download(243 KB)
Players
team 1 (loser)

»
lym6421Q (
teal | 124 APM | 3018 actions | 24:23)
6 Dreadlord
3 Sleep
2 Vampiric Aura
1 Inferno
» actions
| Assign group hotkey | 35 | |
| Basic commands | 142 | |
| Build / train | 116 | |
| ESC pressed | 2 | |
| Enter build submenu | 14 | |
| Enter hero's abilities submenu | 6 | |
| Give item / drop item | 3 | |
| Remove unit from queue | 2 | |
| Right click | 896 | |
| Select / deselect | 499 | |
| Select group hotkey | 1196 | |
| Use ability | 107 | |
3018 total
» units
| Acolyte | 5 | |
| Ghoul | 39 | |
| Obsidian Statue | 5 | |
| Abomination | 14 | |
63 total
» upgrades
| Unholy Strength | 3 | |
| Cannibalize | 1 | |
| Unholy Armor | 3 | |
| Creature Attack | 1 | |
| Disease Cloud | 1 | |
| Ghoul Frenzy | 1 | |
10 total
» buildings
| Crypt | 1 | |
| Ziggurat | 6 | |
| Altar of Darkness | 1 | |
| Graveyard | 1 | |
| Nerubian Tower | 5 | |
| Spirit Tower | 2 | |
| Halls of the Dead | 4 | |
| Tomb of Relics | 1 | |
| Black Citadel | 3 | |
| Slaughterhouse | 1 | |
25 total
» build order
00:07 Crypt
00:08 Ziggurat
00:34 Altar of Darkness
00:57 Ziggurat
02:08 Graveyard
02:21 Nerubian Tower
02:21 Nerubian Tower
02:21 Nerubian Tower
02:21 Nerubian Tower
03:36 Ziggurat
03:44 Spirit Tower
04:29 Halls of the Dead
04:29 Halls of the Dead
04:30 Halls of the Dead
05:01 Ziggurat
05:58 Ziggurat
06:09 Tomb of Relics
07:54 Black Citadel
07:54 Black Citadel
08:02 Ziggurat
08:06 Slaughterhouse
21:32 Nerubian Tower
21:33 Spirit Tower
» items
| Boots of Speed | 2 | |
| Scroll of Town Portal | 1 | |
| Orb of Corruption | 1 | |
| Potion of Mana | 1 | |
5 total
Ryzen.Cloud (
orange | 61 APM | 1488 actions | 24:23)
5 Dreadlord
2 Sleep
3 Vampiric Aura
» actions
| Assign group hotkey | 10 | |
| Basic commands | 1 | |
| Build / train | 61 | |
| Enter build submenu | 13 | |
| Enter hero's abilities submenu | 5 | |
| Give item / drop item | 3 | |
| Right click | 812 | |
| Select / deselect | 322 | |
| Select group hotkey | 189 | |
| Use ability | 72 | |
1488 total
» units
| Acolyte | 2 | |
| Ghoul | 20 | |
| Obsidian Statue | 2 | |
| Necromancer | 14 | |
| Meatwagon | 1 | |
39 total
» upgrades
| Unholy Strength | 2 | |
| Unholy Armor | 2 | |
| Skeletal Longevity | 1 | |
| Necromancer Training | 2 | |
| Skeletal Mastery | 1 | |
| Exhume Corpses | 1 | |
9 total
» buildings
| Crypt | 1 | |
| Ziggurat | 6 | |
| Altar of Darkness | 1 | |
| Graveyard | 1 | |
| Tomb of Relics | 1 | |
| Halls of the Dead | 1 | |
| Temple of the Damned | 2 | |
| Slaughterhouse | 1 | |
| Black Citadel | 1 | |
15 total
» build order
00:10 Crypt
00:16 Ziggurat
00:37 Altar of Darkness
01:11 Graveyard
01:18 Ziggurat
01:45 Tomb of Relics
04:15 Halls of the Dead
04:36 Ziggurat
05:43 Ziggurat
06:37 Temple of the Damned
06:40 Slaughterhouse
06:43 Ziggurat
06:48 Temple of the Damned
09:22 Black Citadel
13:37 Ziggurat
» items
| Rod of Necromancy | 2 | |
| Periapt of Vitality | 1 | |
3 total

»
letsallagreeman (
red | 47 APM | 1155 actions | 24:23)
5 Mountain King
3 Storm Bolt
2 Bash
5 Paladin
1 Divine Shield
3 Holy Light
1 Devotion Aura
4 Blood Mage
2 Siphon Mana
2 Banish
» actions
| Assign group hotkey | 6 | |
| Basic commands | 10 | |
| Build / train | 88 | |
| Enter build submenu | 20 | |
| Enter hero's abilities submenu | 15 | |
| Give item / drop item | 3 | |
| Right click | 397 | |
| Select / deselect | 261 | |
| Select group hotkey | 268 | |
| Use ability | 87 | |
1155 total
» units
| Peasant | 16 | |
| Footman | 4 | |
| Rifleman | 6 | |
| Knight | 8 | |
| Spell Breaker | 3 | |
| Priest | 4 | |
41 total
» upgrades
| Gunpowder | 1 | |
| Armor | 1 | |
| Lumber Harvesting | 2 | |
| Masonry | 2 | |
| Long Rifles | 1 | |
| Priest Training | 2 | |
| Swords | 3 | |
| Plating | 2 | |
| Animal War Training | 1 | |
| Magic Sentry | 1 | |
16 total
» buildings
| Altar of Kings | 1 | |
| Farm | 12 | |
| Barracks | 1 | |
| Blacksmith | 1 | |
| Arcane Vault | 1 | |
| Keep | 1 | |
| Lumber Mill | 1 | |
| Castle | 1 | |
| Scout Tower | 1 | |
| Guard Tower | 1 | |
| Arcane Sanctum | 1 | |
| Town Hall | 2 | |
24 total
» build order
00:09 Altar of Kings
00:15 Farm
00:27 Barracks
00:54 Farm
02:09 Farm
02:20 Blacksmith
02:27 Farm
03:01 Arcane Vault
04:00 Keep
04:09 Lumber Mill
05:18 Farm
05:27 Farm
06:42 Castle
06:48 Scout Tower
07:22 Guard Tower
07:46 Farm
08:38 Arcane Sanctum
08:50 Farm
10:11 Farm
16:21 Town Hall
21:16 Town Hall
21:55 Farm
21:57 Farm
21:57 Farm
» items
| Scroll of Regeneration | 3 | |
| Lesser Clarity Potion | 1 | |
| Staff of Sanctuary | 1 | |
| Scroll of Town Portal | 1 | |
6 total

»
Shmanka (
green | 100 APM | 2446 actions | 24:23)
5 Death Knight
3 Unholy Aura
2 Death Coil
5 Lich
3 Frost Nova
2 Dark Ritual
4 Dark Ranger
2 Black Arrow
2 Silence
» actions
| Assign group hotkey | 833 | |
| Basic commands | 45 | |
| Build / train | 60 | |
| Enter build submenu | 22 | |
| Enter hero's abilities submenu | 14 | |
| Remove unit from queue | 1 | |
| Right click | 967 | |
| Select / deselect | 286 | |
| Select group hotkey | 168 | |
| Use ability | 50 | |
2446 total
» units
| Acolyte | 5 | |
| Ghoul | 4 | |
| Frost Wyrm | 11 | |
20 total
» upgrades
| Creature Attack | 3 | |
| Freezing Breath | 1 | |
| Ghoul Frenzy | 1 | |
| Creature Carapace | 3 | |
| Backpack | 1 | |
| Burrow | 1 | |
| Web | 1 | |
| Stone Form | 1 | |
| Cannibalize | 1 | |
| Unholy Armor | 2 | |
| Unholy Strength | 2 | |
| Necromancer Training | 1 | |
| Banshee Training | 1 | |
| Skeletal Longevity | 1 | |
20 total
» buildings
| Halls of the Dead | 1 | |
| Graveyard | 1 | |
| Altar of Darkness | 1 | |
| Crypt | 1 | |
| Ziggurat | 7 | |
| Black Citadel | 1 | |
| Sacrificial Pit | 1 | |
| Boneyard | 2 | |
| Tomb of Relics | 1 | |
| Temple of the Damned | 1 | |
17 total
» build order
00:54 Halls of the Dead
01:05 Graveyard
01:28 Altar of Darkness
01:56 Crypt
02:30 Ziggurat
03:28 Black Citadel
03:35 Ziggurat
03:37 Ziggurat
04:21 Sacrificial Pit
04:50 Ziggurat
04:52 Ziggurat
05:04 Ziggurat
05:52 Boneyard
05:55 Boneyard
06:11 Ziggurat
14:07 Tomb of Relics
21:40 Temple of the Damned
team 2 (winner)
JocK0WiLLinK (
blue | 38 APM | 586 actions | 15:36)
4 Tauren Chieftain
2 Endurance Aura
2 War Stomp
1 Shadow Hunter
1 Healing Wave
1 Far Seer
1 Chain Lighting
» actions
| Build / train | 56 | |
| Enter build submenu | 18 | |
| Enter hero's abilities submenu | 6 | |
| Give item / drop item | 3 | |
| Right click | 232 | |
| Select / deselect | 215 | |
| Use ability | 56 | |
586 total
» units
| Peon | 9 | |
| Grunt | 11 | |
| Shaman | 2 | |
| Tauren | 2 | |
24 total
» upgrades
| Armor | 1 | |
| Melee Weapons | 1 | |
| Berserker Strength | 1 | |
| Shaman Training | 2 | |
| Pillage | 1 | |
| Spiked Barricades | 1 | |
| Reinforced Defenses | 1 | |
8 total
» buildings
| Orc Burrow | 7 | |
| Barracks | 1 | |
| Altar of Storms | 1 | |
| Voodoo Lounge | 1 | |
| War Mill | 1 | |
| Stronghold | 1 | |
| Spirit Lodge | 1 | |
| Fortress | 1 | |
| Tauren Totem | 2 | |
| Watch Tower | 2 | |
18 total
» build order
00:09 Orc Burrow
00:13 Barracks
00:23 Altar of Storms
01:59 Orc Burrow
02:55 Voodoo Lounge
03:03 War Mill
03:55 Stronghold
04:26 Orc Burrow
06:02 Orc Burrow
07:00 Spirit Lodge
07:59 Fortress
09:22 Orc Burrow
11:05 Tauren Totem
11:28 Tauren Totem
11:39 Orc Burrow
13:16 Orc Burrow
13:23 Watch Tower
14:47 Watch Tower
» items
| Healing Salve | 2 | |
| Lesser Clarity Potion | 3 | |
| Potion of Healing | 4 | |
| Boots of Speed | 1 | |
| Scroll of Town Portal | 2 | |
| Potion of Mana | 1 | |
13 total
zodz (
yellow | 87 APM | 1656 actions | 18:59)
5 Paladin
3 Holy Light
2 Divine Shield
» actions
| Assign group hotkey | 18 | |
| Basic commands | 40 | |
| Build / train | 67 | |
| Enter build submenu | 20 | |
| Enter hero's abilities submenu | 5 | |
| Right click | 1042 | |
| Select / deselect | 347 | |
| Select group hotkey | 7 | |
| Use ability | 110 | |
1656 total
» units
| Peasant | 10 | |
| Footman | 12 | |
| Knight | 5 | |
27 total
» upgrades
| Defend | 1 | |
| Swords | 2 | |
| Plating | 2 | |
| Animal War Training | 1 | |
| Flak Cannons | 1 | |
7 total
» buildings
| Farm | 8 | |
| Altar of Kings | 1 | |
| Barracks | 3 | |
| Scout Tower | 3 | |
| Arcane Tower | 2 | |
| Lumber Mill | 1 | |
| Blacksmith | 1 | |
| Guard Tower | 4 | |
| Arcane Vault | 1 | |
| Keep | 1 | |
| Castle | 2 | |
| Workshop | 1 | |
28 total
» build order
00:28 Farm
00:37 Altar of Kings
00:53 Barracks
01:09 Farm
02:11 Scout Tower
02:14 Farm
03:32 Arcane Tower
03:32 Arcane Tower
03:41 Lumber Mill
04:23 Farm
04:26 Farm
05:01 Farm
05:14 Scout Tower
05:42 Blacksmith
05:58 Guard Tower
05:58 Guard Tower
06:01 Scout Tower
06:25 Arcane Vault
06:34 Keep
07:27 Guard Tower
07:27 Guard Tower
08:57 Castle
08:57 Castle
09:15 Barracks
09:37 Barracks
11:32 Workshop
16:34 Farm
16:36 Farm
» items
| Lesser Clarity Potion | 6 | |
| Scroll of Town Portal | 3 | |
| Potion of Healing | 1 | |
| Scroll of Regeneration | 2 | |
| Potion of Mana | 1 | |
13 total
SeMata (
purple | 49 APM | 920 actions | 18:45)
4 Pandaren Brewmaster
2 Breath of Fire
2 Drunken Haze
2 Naga Sea Witch
1 Forked Lightning
1 Frost Arrows
» actions
| Assign group hotkey | 15 | |
| Build / train | 57 | |
| ESC pressed | 1 | |
| Enter build submenu | 19 | |
| Enter hero's abilities submenu | 6 | |
| Give item / drop item | 1 | |
| Remove unit from queue | 3 | |
| Right click | 316 | |
| Select / deselect | 294 | |
| Select group hotkey | 150 | |
| Use ability | 58 | |
920 total
» units
| Wisp | 17 | |
| Archer | 5 | |
| Druid of the Talon | 3 | |
| Dryad | 4 | |
| Hippogryph | 3 | |
| Chimaera | 1 | |
33 total
» upgrades
| Druid of the Talon Training | 2 | |
| Abolish Magic | 1 | |
| Strength of the Wild | 1 | |
| Reinforced Hides | 1 | |
5 total
» buildings
| Moon Well | 7 | |
| Ancient of War | 2 | |
| Altar of Elders | 1 | |
| Tree of Ages | 1 | |
| Hunter's Hall | 1 | |
| Ancient of Lore | 2 | |
| Ancient of Wind | 2 | |
| Ancient of Wonders | 1 | |
| Tree of Eternity | 1 | |
| Chimaera Roost | 2 | |
20 total
» build order
00:20 Moon Well
00:26 Ancient of War
00:37 Ancient of War
01:12 Altar of Elders
01:52 Moon Well
03:09 Tree of Ages
03:57 Tree of Ages
04:16 Hunter's Hall
06:41 Ancient of Lore
06:43 Ancient of Wind
06:50 Ancient of Wind
06:52 Ancient of Lore
07:15 Moon Well
07:17 Moon Well
07:19 Moon Well
07:51 Ancient of Wonders
09:18 Moon Well
09:21 Moon Well
09:55 Tree of Eternity
13:49 Chimaera Roost
13:55 Chimaera Roost
» items
| Potion of Healing | 1 | |
| Scroll of Town Portal | 3 | |
| Potion of Lesser Invulnerability | 1 | |
5 total
DaHumanPukePile (
pink | 22 APM | 534 actions | 24:23)
1 Paladin
1 Divine Shield
» actions
| Assign group hotkey | 7 | |
| Basic commands | 3 | |
| Build / train | 41 | |
| Enter build submenu | 38 | |
| Enter hero's abilities submenu | 1 | |
| Right click | 216 | |
| Select / deselect | 166 | |
| Select group hotkey | 8 | |
| Use ability | 54 | |
534 total
» units
» upgrades
| Masonry | 2 | |
| Lumber Harvesting | 1 | |
| Magic Sentry | 1 | |
4 total
» buildings
| Lumber Mill | 2 | |
| Scout Tower | 32 | |
| Arcane Tower | 3 | |
| Guard Tower | 15 | |
| Keep | 2 | |
| Arcane Sanctum | 1 | |
| Altar of Kings | 1 | |
| Arcane Vault | 1 | |
| Tree of Life | 1 | |
58 total
» build order
01:08 Lumber Mill
01:13 Scout Tower
01:16 Scout Tower
01:17 Scout Tower
01:19 Scout Tower
01:21 Scout Tower
01:25 Scout Tower
01:26 Scout Tower
01:28 Scout Tower
01:29 Scout Tower
01:43 Arcane Tower
02:11 Guard Tower
02:13 Guard Tower
02:15 Guard Tower
02:34 Guard Tower
02:51 Guard Tower
02:58 Guard Tower
02:59 Guard Tower
03:07 Guard Tower
03:07 Guard Tower
03:14 Guard Tower
03:14 Guard Tower
03:58 Keep
03:58 Keep
09:40 Scout Tower
09:41 Scout Tower
09:46 Scout Tower
09:48 Scout Tower
09:54 Scout Tower
09:55 Scout Tower
09:59 Scout Tower
10:00 Scout Tower
10:04 Scout Tower
10:04 Scout Tower
10:07 Scout Tower
10:08 Scout Tower
10:10 Scout Tower
10:11 Scout Tower
10:16 Lumber Mill
10:18 Scout Tower
10:19 Scout Tower
10:27 Scout Tower
10:28 Scout Tower
10:30 Scout Tower
10:31 Scout Tower
10:37 Scout Tower
10:38 Scout Tower
10:39 Scout Tower
10:44 Guard Tower
11:17 Guard Tower
11:31 Arcane Tower
11:48 Guard Tower
11:51 Guard Tower
12:04 Arcane Tower
12:29 Arcane Sanctum
12:34 Altar of Kings
19:14 Arcane Vault
23:25 Tree of Life
» items
| Potion of Mana | 1 | |
| Scroll of Town Portal | 1 | |
| Boots of Speed | 1 | |
| Potion of Invisibility | 4 | |
| Potion of Lesser Invulnerability | 1 | |
8 total
Chat log
(01:26 / Allies) SeMata: heyteam
(01:42 / Allies) DaHumanPukePile: asl
(01:56 / All) DaHumanPukePile: U LIGHT ME UP U CHASE THE CLOUDS
(02:01 / All) DaHumanPukePile: I THINK ABOUT DIS EVERYTIME THE STARS COME OUT
(02:05 / All) DaHumanPukePile: EVERY TIME THE STARS COME OUT
(07:29 / Allies) JocK0WiLLinK: wood lx
(09:28 / Allies) DaHumanPukePile: RUNNNNNNNNNNNNNNNNNNNNNNNNNNNNNNNNNNNNNNN
(10:55 / Allies) zodz: WHO HAS AA
(11:38 / Allies) SeMata: sweet jesus pink
(13:13 / Allies) DaHumanPukePile: move your grunt
(13:20 / Allies) DaHumanPukePile: so you can run better
(13:57 / Allies) DaHumanPukePile: might want upgraded burrows
(14:32 / All) DaHumanPukePile: and so it begins
(15:11 / Allies) JocK0WiLLinK: gold
(15:26 / All) JocK0WiLLinK: GG we got troll
(15:30 / All) JocK0WiLLinK: all towers lol
(16:09 / All) DaHumanPukePile: If he had towrs instead of grunts maybe his base wouldn't be getting raped right about now
(16:20 / Allies) SeMata: gold
(16:23 / All) Ryzen.Cloud: who was the troll?
(17:07 / All) DaHumanPukePile: I find the term "troll" to be an offensive one
(17:19 / All) Ryzen.Cloud: oh
(17:20 / All) Ryzen.Cloud: lol
(17:22 / All) DaHumanPukePile: I prefer "alternative strategist," my own coinage
(17:48 / All) DaHumanPukePile: I'm an avant-garde player, not everyone gets it
(18:05 / All) Ryzen.Cloud: my skelis get it
(18:09 / All) Ryzen.Cloud: they totally get it
(18:15 / All) SeMata: sorry all
(18:17 / All) SeMata: for pink
(18:29 / All) Shmanka: just leave and requeue so we can play again
(18:36 / All) SeMata: i guess doesnt matter for you
(18:40 / All) Ryzen.Cloud: yes plz
(18:41 / All) SeMata: i have a feeling he wont
(18:42 / All) Ryzen.Cloud: Rre que
(22:36 / All) Ryzen.Cloud: Gg pink
(22:37 / All) Ryzen.Cloud: wp
(22:40 / All) DaHumanPukePile: thx